Map: [ESL] Blackburn

Players

HeroMarine - Winner!

  • Race: Terran Terran

Zoun

  • Race: Protoss Protoss

Event: IEM Katowice 2022

VOD

Have the link to the VOD?

Description

Time

  • Played on: Feb. 26, 2022, 7:11 a.m.
  • Length: 13:58

All games in this series

Show
View Real Time Build Order
Export as new Build Order

HeroMarine Terran - Winner!

Build Orders: Cyclone Opening 

Get SALT Encoding   

  12  0:00  SCV  
  13  0:12  SCV  
  14  0:17  Supply Depot  
  14  0:24  SCV  
  15  0:38  SCV, Barracks  
  16  0:44  Refinery  
  16  0:50  SCV  
  16  0:54  Refinery  
  17  1:02  SCV  
  18  1:14  SCV  
  20  1:25  Reaper  
  20  1:27  Orbital Command  
  20  1:35  Supply Depot  
  20  1:44  Factory  
  20  1:52  SCV  
  21  2:04  SCV  
  22  2:16  SCV  
  22  2:21  Barracks Reactor  
  23  2:28  SCV  
  24  2:32  Factory Tech Lab  
  24  2:34  Command Center  
  24  2:40  SCV  
  25  2:50  Cyclone  
  28  2:52  Supply Depot  
  28  3:02  Marine x2  
  30  3:06  Starport  
  30  3:08  SCV  
  30  3:19  Marine  
  30  3:20  SCV, Marine  
  30  3:25  Siege Tank  
  36  3:33  SCV  
  37  3:34  Supply Depot  
  37  3:37  Marine  
  37  3:39  Marine  
  39  3:42  Starport Tech Lab  
  39  3:49  Orbital Command  
  40  3:58  Siege Tank  
  40  3:59  Marine  
  40  4:02  Marine  
  44  4:06  Orbital Command  
  44  4:10  Raven  
  44  4:11  SCV  
  47  4:17  Marine  
  47  4:20  Marine  
  47  4:21  Supply Depot  
  47  4:23  SCV  
  49  4:34  Siege Tank  
  49  4:35  SCV  
  53  4:40  SCV  
  53  4:44  Marine x2  
  55  4:50  Supply Depot  
  56  4:53  Banshee  
  56  4:59  SCV  
  59  5:00  SCV  
  59  5:02  Marine x2  
  62  5:14  SCV x2  
  63  5:22  Barracks x2  
  63  5:25  Marine x2  
  63  5:26  SCV x2  
  64  5:30  Siege Tank  
  65  5:38  SCV  
  65  5:42  SCV  
  66  5:43  Marine x2  
  68  5:50  SCV  
  68  5:51  Starport Reactor  
  68  5:54  SCV  
  68  5:55  Bunker  
  70  6:00  Marine  
  70  6:01  Marine  
  70  6:02  SCV  
  67  6:06  SCV  
  67  6:07  Siege Tank  
  67  6:14  SCV  
  67  6:15  Barracks  
  67  6:18  SCV, Marine x2  
  70  6:22  Stimpack  
  70  6:25  Engineering Bay  
  72  6:26  SCV, Marine  
  72  6:32  Supply Depot  
  73  6:36  Marine x2  
  75  6:45  Factory Reactor, Refinery x2, Marine  
  78  6:47  Combat Shield  
  78  6:50  Marine  
  78  6:52  Terran Infantry Weapons Level 1  
  77  6:54  Supply Depot, Marine x2  
  79  7:03  Barracks, Marine  
  79  7:08  Supply Depot, Marine  
  81  7:12  Marine x2  
  81  7:15  SCV x2  
  85  7:21  Marine, Medivac x2  
  92  7:22  Widow Mine  
  92  7:23  Widow Mine  
  92  7:26  Marine  
  95  7:30  Marine x2  
  95  7:33  SCV x2  
  99  7:38  Barracks Tech Lab  
  99  7:41  Marauder  
  105  7:44  Widow Mine, Marauder  
  105  7:45  Widow Mine  
  105  7:47  Marine  
  105  7:48  Marine  
  105  7:51  Supply Depot  
  109  8:00  Supply Depot, Barracks Tech Lab  
  109  8:01  Medivac x2  
  109  8:02  Marauder x2  
  109  8:05  Marine  
  118  8:12  Widow Mine, Marine  
  121  8:13  Widow Mine  
  121  8:15  Marine  
  124  8:23  Marauder  
  124  8:25  Marauder x2  
  124  8:26  Marauder  
  114  8:30  Marine  
  114  8:33  Marine  
  111  8:36  Widow Mine  
  111  8:38  Medivac  
  102  8:42  Widow Mine  
  102  8:44  Marine  
  102  8:45  Medivac  
  102  8:46  Marine  
  105  8:49  Marauder x2  
  105  8:51  Marine  
  105  8:52  Marine  
  113  9:02  Marauder  
  113  9:04  Marine  
  113  9:05  Widow Mine  
  113  9:08  Medivac  
  113  9:09  Marine  
  119  9:10  Marauder  
  119  9:12  Marauder  
  119  9:15  Marine, Medivac  
  126  9:22  Widow Mine, Supply Depot, Marauder  
  126  9:23  Marine  
  121  9:26  Widow Mine  
  121  9:27  Marine  
  121  9:31  Marine  
  124  9:33  Marine  
  124  9:34  Marauder  
  128  9:42  Marauder  
  128  9:43  Widow Mine  
  128  9:44  Marauder  
  128  9:45  Marine, Medivac  
  135  9:48  Widow Mine, Medivac  
  135  9:50  Marauder  
  135  9:52  Marine  
  141  9:57  Marauder  
  133  10:03  Marauder  
  133  10:05  Marauder, Marine  
  133  10:09  Marine  
  133  10:11  Marauder  
  133  10:12  Widow Mine x2  
  139  10:18  Marauder, Concussive Shells  
  141  10:23  Marine  
  142  10:28  Supply Depot  
  142  10:31  Supply Depot  
  142  10:35  Marine x3  
  142  10:36  Marauder  
  117  10:43  Marauder  
  117  10:45  Marine  
  117  10:46  Widow Mine x2  
  113  10:53  Marine x2, Marauder  
  114  10:57  Marine  
  114  10:58  Ghost Academy  
  117  11:05  Marine  
  117  11:08  Marine  
  121  11:16  Marine  
  118  11:23  Marine  
  119  11:26  Ghost  
  119  11:27  Ghost x3  
  119  11:30  Widow Mine x2  
  131  11:34  Marine  
  128  11:51  Widow Mine x2  
  132  11:56  Marauder x2  
  136  12:02  Ghost  
  136  12:03  Marine x2, Marauder  
  142  12:12  Supply Depot  
  142  12:13  Widow Mine  
  142  12:17  Marauder, Marine  
  142  12:21  Marine  
  146  12:23  Marine  
  146  12:25  Marauder  
  149  12:31  Marauder  
  149  12:32  Enhanced Shockwaves  
  149  12:35  Marauder  
  153  12:38  Marauder  
  153  12:41  Orbital Command  
  154  12:45  Ghost  
  156  12:53  Marauder  
  156  12:57  Marauder  
  155  13:00  Marine  
  155  13:04  Marine x2  
  155  13:15  Marauder x2  
  151  13:25  Medivac x2  
  155  13:32  Marauder, Marine  
  155  13:33  Marauder, Marine  
  157  13:36  Marine x2  
Show
View Real Time Build Order
Export as new Build Order

Zoun Protoss 

Build Orders: Blink Stalkers 

Get SALT Encoding   

  12  0:00  Probe  
  13  0:12  Probe  
  14  0:18  Pylon  
  14  0:24  Probe (Chrono Boost)  
  15  0:36  Probe (Chrono Boost)  
  15  0:37  Gateway  
  16  0:44  Probe (Chrono Boost)  
  16  0:45  Assimilator  
  17  0:51  Probe  
  18  1:03  Probe  
  19  1:04  Assimilator  
  19  1:15  Probe  
  20  1:24  Cybernetics Core  
  20  1:27  Probe  
  21  1:33  Pylon  
  21  1:39  Probe  
  22  1:51  Probe  
  23  1:57  Stalker (Chrono Boost)  
  25  2:01  Shield Battery  
  25  2:03  Twilight Council  
  25  2:04  Probe  
  25  2:06  Warp Gate  
  26  2:20  Stalker  
  28  2:37  Blink (Chrono Boost)  
  28  2:48  Gateway  
  28  2:49  Gateway  
  28  2:53  Stalker  
  30  3:11  Pylon  
  30  3:25  Nexus  
  29  3:31  Shield Battery  
  29  3:34  Probe  
  30  3:46  Probe  
  30  3:47  Pylon  
  31  4:02  Stalker x2  
  33  4:07  Stalker  
  37  4:11  Probe  
  38  4:19  Robotics Facility  
  38  4:25  Probe  
  38  4:30  Stalker  
  41  4:37  Probe  
  42  4:40  Probe  
  41  4:49  Probe (Chrono Boost)  
  43  4:54  Probe (Chrono Boost)  
  43  4:59  Templar Archives  
  43  5:01  Probe (Chrono Boost)  
  43  5:03  Stalker  
  47  5:09  Assimilator  
  47  5:10  Probe (Chrono Boost)  
  47  5:14  Stalker  
  49  5:16  Stalker  
  51  5:26  Stalker  
  51  5:29  Pylon  
  51  5:30  Charge  
  51  5:37  Stalker  
  53  5:45  Stalker  
  53  5:47  Pylon  
  53  5:55  Stalker  
  55  5:57  Gateway  
  49  6:07  Stalker  
  47  6:13  Observer (Chrono Boost)  
  47  6:17  Shield Battery  
  48  6:29  Gateway  
  48  6:30  Gateway  
  48  6:39  Warp Prism  
  50  6:42  Stalker x2  
  50  6:43  Stalker  
  50  6:45  Probe (Chrono Boost)  
  57  6:51  Psionic Storm  
  57  6:55  Pylon, Probe (Chrono Boost)  
  58  7:05  Probe (Chrono Boost)  
  60  7:08  Probe (Chrono Boost)  
  60  7:10  Probe (Chrono Boost)  
  60  7:12  Assimilator  
  61  7:18  Probe  
  61  7:19  High Templar  
  64  7:28  Gateway  
  64  7:30  Gateway  
  64  7:36  Gateway, High Templar  
  66  7:38  Probe  
  67  7:47  Zealot x4  
  75  7:52  Pylon  
  75  7:53  Probe  
  75  7:54  Probe  
  75  7:56  Pylon  
  75  7:58  Zealot  
  77  8:07  Pylon  
  77  8:13  Zealot x3  
  83  8:21  Archon  
  83  8:25  Pylon  
  79  8:28  Stalker  
  79  8:29  Zealot  
  83  8:38  Probe  
  83  8:39  Warp Prism (Chrono Boost)  
  83  8:40  Probe  
  82  8:43  High Templar  
  82  8:44  High Templar x2  
  82  8:47  Observer  
  90  8:52  Pylon  
  90  8:53  Probe  
  91  9:03  Sentry  
  93  9:24  Nexus  
  93  9:26  Zealot x5  
  103  9:33  Probe x2  
  103  9:35  Pylon  
  105  9:38  High Templar  
  105  9:39  High Templar  
  105  9:42  Zealot  
  105  9:45  Probe  
  112  9:49  High Templar x2, Zealot  
  98  10:04  Stalker  
  98  10:15  Zealot x3  
  102  10:24  High Templar x2  
  102  10:28  Gateway, Archon  
  106  10:29  High Templar, Archon  
  106  10:30  Gateway  
  106  10:33  Archon  
  106  10:41  Zealot x3  
  82  10:54  Immortal  
  82  10:56  Probe x3  
  87  11:01  High Templar x2  
  91  11:04  Forge  
  91  11:06  Archon  
  91  11:11  Probe  
  92  11:14  Sentry, Assimilator, Zealot  
  92  11:18  Assimilator  
  96  11:21  High Templar, Shield Battery  
  98  11:27  Observer  
  98  11:29  Probe  
  98  11:30  Probe  
  100  11:32  Observer  
  100  11:38  Stalker  
  102  11:41  Zealot x3  
  102  11:42  Zealot x3  
  114  11:56  Observer (Chrono Boost)  
  114  11:59  Zealot  
  116  12:08  Robotics Bay  
  116  12:10  Robotics Facility  
  116  12:14  Pylon  
  116  12:17  High Templar x2  
  116  12:18  Zealot x2  
  124  12:23  Archon  
  122  12:40  Nexus  
  118  12:47  Pylon  
  118  12:50  Pylon  
  116  12:51  Pylon  
  112  13:05  Pylon x2  
  112  13:08  Disruptor (Chrono Boost)  
  112  13:09  Disruptor (Chrono Boost)  
  116  13:16  Zealot  
  117  13:24  High Templar  
  117  13:25  High Templar  
  115  13:31  Zealot x5  
  96  13:45  Zealot  

Tags
 
Add a new tag
Caveats
  • Supply blocks, unpowered buildings, or Contaminate may cause inaccurate times.
  • Supply counts are checked every 10 seconds.